details: 'TheDollsHouse'

« prev index next »

General information

Mini Map

Players

team 1
Random» UndeadRadical-1 (yellow | 331 APM | 7526 actions | 22:43)
Hero icon 4 Death Knight
Ability icon 2 Death Coil
Ability icon 2 Unholy Aura
Hero icon 4 Lich
Ability icon 2 Frost Armor
Ability icon 2 Frost Nova
Hero icon 2 Crypt Lord
Ability icon 1 Impale
Ability icon 1 Spiked Carapace

» actions
Assign group hotkey132
Basic commands345
Build / train102
ESC pressed2
Enter build submenu18
Enter hero's abilities submenu10
Give item / drop item9
Remove unit from queue1
Right click2172
Select / deselect985
Select group hotkey3605
Use ability145
7526 total
» units
Acolyte18
Ghoul5
Crypt Fiend8
Obsidian Statue6
Frost Wyrm3
Abomination3
43 total
» upgrades
Burrow1
Destroyer Form1
Creature Attack1
Ghoul Frenzy1
4 total
» buildings
Altar of Darkness1
Ziggurat9
Crypt1
Tomb of Relics1
Graveyard1
Halls of the Dead3
Black Citadel3
Slaughterhouse1
Sacrificial Pit1
Boneyard1
Spirit Tower4
Nerubian Tower4
30 total
» build order
00:09 Altar of Darkness
00:11 Ziggurat
00:34 Crypt
00:58 Tomb of Relics
01:43 Graveyard
02:19 Ziggurat
04:03 Halls of the Dead
04:03 Halls of the Dead
04:36 Ziggurat
07:08 Black Citadel
07:08 Black Citadel
07:10 Slaughterhouse
08:13 Ziggurat
09:59 Sacrificial Pit
11:07 Boneyard
11:57 Ziggurat
12:03 Ziggurat
17:33 Ziggurat
17:34 Ziggurat
17:36 Ziggurat
18:29 Spirit Tower
18:30 Spirit Tower
18:30 Spirit Tower
18:34 Nerubian Tower
18:34 Nerubian Tower
» items
Rod of Necromancy2
Dust of Appearance1
Boots of Speed4
Potion of Healing1
Scroll of Town Portal6
Potion of Lesser Invulnerability1
Orb of Corruption2
17 total
team 2
Random» Orchlppocrates (teal | 147 APM | 3355 actions | 22:46)
Hero icon 6 Blademaster
Ability icon 3 Wind Walk
Ability icon 2 Critical Strike
Ability icon 1 Bladestorm
Hero icon 5 Shadow Hunter
Ability icon 2 Hex
Ability icon 3 Healing Wave

» actions
Assign group hotkey72
Basic commands163
Build / train84
Enter build submenu18
Enter hero's abilities submenu11
Give item / drop item6
Remove unit from queue2
Right click1411
Select / deselect335
Select group hotkey1111
Use ability141
3355 total
» units
Peon12
Grunt5
Raider8
Troll Headhunter/Berserker13
Kodo Beast3
41 total
» upgrades
Ensnare1
Berserker Strength1
Reinforced Defenses1
Berserker Upgrade1
Ranged Weapons1
War Drums Damage Increase1
6 total
» buildings
Altar of Storms1
Orc Burrow8
Barracks1
Voodoo Lounge1
Stronghold2
Beastiary1
Fortress2
War Mill1
Great Hall2
19 total
» build order
00:11 Altar of Storms
00:21 Orc Burrow
00:34 Barracks
01:31 Voodoo Lounge
02:15 Orc Burrow
03:34 Stronghold
03:44 Orc Burrow
06:13 Beastiary
07:11 Fortress
08:15 War Mill
08:19 Orc Burrow
11:30 Orc Burrow
12:08 Great Hall
17:32 Orc Burrow
20:56 Great Hall
21:28 Orc Burrow
21:47 Orc Burrow
» items
Circlet of Nobility1
Healing Salve5
Boots of Speed1
Lesser Clarity Potion2
Potion of Mana1
Orb of Lightning1
Potion of Lesser Invulnerability1
Scroll of Town Portal2
Scroll of Healing1
Dust of Appearance1
16 total